 Dungeon Crawl Stone Soup version 0.26.0-10-g1f06aea511 (webtiles) character file.

Game seed: 14421013542858080262

8407 Amaterasu the Cleaver (level 11, 33/103 HPs)
             Began as a Deep Dwarf Fighter on Feb 2, 2021.
             Was a Priest of Makhleb.
             Quit the game on level 9 of the Dungeon.
             The game lasted 00:15:18 (7251 turns).

Amaterasu the Cleaver (Deep Dwarf Fighter)          Turns: 7251, Time: 00:15:18

Health: 33/103     AC: 14    Str: 22    XL:     11   Next: 9%
Magic:  6/6        EV:  8    Int:  8    God:    Makhleb [***...]
Gold:   725        SH: 11    Dex: 12    Spells: 10/10 levels left

rFire    + . .     SeeInvis .   a - +0 war axe
rCold    . . .     Faith    .   l - +1 kite shield {rF+}
rNeg     . . .     Spirit   .   e - +0 chain mail
rPois    .         Reflect  .   y - +0 helmet
rElec    .         Harm     .   o - +0 cloak
rCorr    .         Rampage  .   q - +0 pair of gloves
Will     +....     Rnd*Tele +   (no boots)
Stlth    ..........             (no amulet)
HPRegen  0.00/turn              (no ring)
MPRegen  0.10/turn              (no ring)

@: non-regenerating
A: damage resistance, heal wounds, dopey 1, low mp 1, mutation resistance 1,
sense surroundings 2, teleportitis 1, no regeneration
a: Heal Wounds, Renounce Religion, Minor Destruction, Lesser Servant of Makhleb


You were on level 9 of the Dungeon.
You worshipped Makhleb.
Makhleb was most pleased with you.
You visited 2 branches of the dungeon, and saw 10 of its levels.
You also visited: Sewer and Ossuary.

You collected 807 gold pieces.
You spent 82 gold pieces at shops.

Inventory:

Hand Weapons
 a - a +0 war axe (weapon)
Armour
 b - a +0 scale mail
 e - a +0 chain mail (worn)
 l - a +1 kite shield of fire resistance (worn)
 o - a +0 cloak (worn)
 q - a +0 pair of gloves (worn)
 y - a +0 helmet (worn)
Jewellery
 i - an uncursed amulet of regeneration
 I - an uncursed amulet of guardian spirit {unknown}
 J - a +6 ring of intelligence {unknown}
Wands
 j - a wand of flame (52)
 v - a wand of iceblast (8)
 H - a wand of acid (8)
Scrolls
 f - 3 scrolls of remove curse
 h - 6 scrolls of amnesia
 m - 2 scrolls of blinking
 r - 4 scrolls of teleportation
 s - 4 scrolls of fear
 A - a scroll of identify
 C - a scroll of enchant weapon
 D - a scroll of magic mapping
Potions
 c - 3 potions of flight
 d - 3 potions of might
 g - 4 potions of brilliance
 k - 4 potions of attraction
 n - 2 potions of berserk rage
 p - 2 potions of invisibility
 t - 4 potions of curing
 u - 4 potions of haste
 w - 3 potions of lignification
 x - a potion of ambrosia
 z - 2 potions of resistance


   Skills:
 * Level 8.0 Fighting
 - Level 12.0 Axes
 * Level 7.1 Armour
 * Level 5.1 Dodging
 * Level 6.1 Shields
 - Level 5.0 Invocations
 - Level 5.0 Evocations


You had 10 spell levels left.
You didn't know any spells.
Your spell library contained the following spells:

 Spells                   Type           Power        Failure   Level
 Freeze                   Ice            0%           100%        1
 Confusing Touch          Hex            0%           100%        3
 Frozen Ramparts          Ice            0%           100%        3
 Gell's Gravitas          Tloc           0%           100%        3
 Ozocubu's Armour         Ice            0%           100%        3
 Hailstorm                Conj/Ice       0%           100%        4
 Petrify                  Tmut/Erth      0%           100%        4
 Summon Ice Beast         Ice/Summ       0%           100%        4
 Metabolic Englaciation   Hex/Ice        0%           100%        5
 Yara's Violent Unravell  Hex/Tmut       0%           100%        5


Dungeon Overview and Level Annotations

Branches:
Dungeon (9/15)             Temple (1/1) D:5             Orc (0/2) D:9
  Sewer (visited)         Ossuary (visited)
   Lair: D:8-11

Altars:
Ashenzari
Cheibriados
Dithmenos
Elyvilon
Fedhas
Gozag
Hepliaklqana
Kikubaaqudgha
Makhleb
Nemelex Xobeh
Okawaru
Qazlal
Ru
Sif Muna
Trog
Uskayaw
Vehumet
Wu Jian
Xom
Yredelemnul
Zin
The Shining One

Shops:
D:7 (!}?[   D:9 :

Annotations:
D:9 inc's ghost, novice FeEn


Innate Abilities, Weirdness & Mutations

You are resistant to damage.
You can heal yourself by infusing magical energy.
You passively map the area around you.
You do not regenerate.
You are dopey. (Int -2)
Your magical capacity is low. (-10% MP)
You are somewhat resistant to further mutation.
You are occasionally teleported next to monsters.


Message History

You miss inc's ghost.
Inc's ghost is moderately damaged.
Inc's ghost shouts, "You must not fail where I succeeded!"
Inc's ghost hits you!
You completely miss inc's ghost.
Inc's ghost is moderately damaged.
Inc's ghost hits you but does no damage.
You completely miss inc's ghost.
Inc's ghost is moderately damaged.
You block inc's ghost's attack.
You barely miss inc's ghost.
Inc's ghost is lightly damaged.
Inc's ghost hits you but does no damage.
You completely miss inc's ghost.
Inc's ghost is lightly damaged.
You block inc's ghost's attack.
You completely miss inc's ghost.
Inc's ghost is lightly damaged.
You block inc's ghost's attack.
Are you sure you want to abandon this character and quit the game? (Confirm with "yes".)

.## ##.####..# #....###..## .#
##..# #...# #........##
.####..####...# ##......##
.......###..#.## #....))##
.####......##..#########...## ##
## ###...###.[..#.#.#.#....####.
## ##..#......#.....#......... .#
#.........'...$8#......... .#
###.......@W...).#.......}. .##
##..........'...(8#......... ..#
##...........#.....#.........
#.###............#.#.#.#.........
...#.......∩.∩...#######.........
.................................
...........∩.∩.................(.
................................(
[÷.............................()


You could see inc's ghost.

Vanquished Creatures
  Pikel (D:6)
  Psyche (D:9)
  Maggie (D:7)
  A troll (D:9)
  Prince Ribbit (D:5)
  Sigmund (D:6)
  A shadow (D:9)
  10 yaks (D:9)
  4 wraiths (D:9)
  Grum (D:8)
  Eustachio (D:5)
  A steam dragon (D:8)
  2 humans (D:8)
  Edmund (D:6)
  2 water moccasins
  A sky beast (D:5)
  5 orc warriors
  An ice beast (D:7)
  A black bear (D:9)
  A necrophage (D:9)
  5 ogres
  A phantom (D:4)
  2 wolves (D:8)
  4 centaurs
  5 bullfrogs
  A water moccasin skeleton (D:5)
  2 scorpions
  Crazy Yiuf (D:6)
  3 hounds
  A jelly (D:7)
  3 orc priests
  A centaur skeleton (D:8)
  6 orc wizards
  A bullfrog skeleton (D:8)
  Jessica (D:3)
  A gnoll shaman (D:7)
  Ijyb (D:5)
  6 iguanas
  6 worker ants
  A big kobold zombie (Ossuary)
  A hound zombie (D:5)
  9 mummies
  A hound skeleton (D:8)
  A howler monkey zombie (D:7)
  A howler monkey skeleton (D:8)
  9 adders
  8 gnolls
  2 river rats (D:5)
  2 shadow imps
  2 white imps
  An ufetubus (D:8)
  An ooze (D:3)
  4 adder skeletons
  6 worms
  The ghost of Goblin1989 the Sneak, a weakling DsDe (D:4)
  2 dart slugs
  4 leopard geckos
  10 orcs
  2 giant cockroaches
  A gnoll zombie (Ossuary)
  8 goblins
  5 hobgoblins (D:2)
  8 jackals
  A quokka (D:8)
  3 bats
  6 frilled lizards
  2 goblin zombies (D:8)
  3 hobgoblin zombies
  10 kobolds
  3 kobold zombies
  A leopard gecko zombie (D:5)
  4 orc zombies
  6 rats
218 creatures vanquished.

Vanquished Creatures (others)
  An orc priest (D:9)
1 creature vanquished.

Grand Total: 219 creatures vanquished

Notes
Turn   | Place    | Note
-------+----------+-------------------------------------------
     0 | D:1      | Amaterasu the Deep Dwarf Fighter began the quest for the
                  | Orb.
     0 | D:1      | Reached XP level 1. HP: 20/20 MP: 1/1
   208 | D:1      | Reached XP level 2. HP: 25/28 MP: 2/2
   433 | D:2      | Reached skill level 3 in Axes
   450 | D:2      | Reached XP level 3. HP: 25/34 MP: 3/3
   854 | D:2      | Reached skill level 4 in Axes
   854 | D:2      | Reached XP level 4. HP: 41/42 MP: 4/4
  1010 | D:3      | Noticed Jessica
  1023 | D:3      | Killed Jessica
  1024 | D:3      | Reached XP level 5. HP: 33/50 MP: 5/5
  1029 | D:3      | Reached skill level 5 in Axes
  1356 | D:3      | Found a snail-covered altar of Cheibriados.
  1357 | D:3      | Found a shadowy altar of Dithmenos.
  1538 | D:4      | Noticed a phantom
  1558 | D:4      | Killed a phantom
  1606 | D:4      | Noticed Goblin1989's ghost (weakling DsDe)
  1635 | D:4      | Reached skill level 1 in Dodging
  1635 | D:4      | Reached XP level 6. HP: 43/57 MP: 5/5
  1734 | D:4      | Found a runed translucent door.
  2350 | D:4      | Killed Goblin1989's ghost
  2381 | D:5      | Entered Level 5 of the Dungeon
  2396 | D:5      | Noticed Prince Ribbit
  2415 | D:5      | Killed Prince Ribbit
  2416 | D:5      | Reached XP level 7. HP: 33/66 MP: 4/4
  2459 | D:5      | Found a staircase to the Ecumenical Temple.
  2472 | D:5      | Reached skill level 5 in Fighting
  2477 | Temple   | Entered the Ecumenical Temple
  2556 | Temple   | Became a worshipper of Makhleb the Destroyer
  2618 | D:5      | Noticed Eustachio
  2644 | D:5      | Killed Eustachio
  2645 | D:5      | Reached skill level 5 in Armour
  2645 | D:5      | Reached skill level 5 in Shields
  2658 | D:5      | Found a glowing drain.
  2681 | Sewer    | Entered a sewer
  2744 | Sewer    | Reached skill level 6 in Axes
  3059 | D:5      | Found a sacrificial altar of Ru.
  3131 | D:5      | Reached skill level 7 in Axes
  3131 | D:5      | Reached XP level 8. HP: 42/74 MP: 5/5
  3174 | D:5      | Found a glowing golden altar of the Shining One.
  3174 | D:5      | Noticed Ijyb
  3175 | D:5      | Found a white marble altar of Elyvilon.
  3180 | D:5      | Killed Ijyb
  3200 | D:5      | Found an ancient bone altar of Kikubaaqudgha.
  3295 | D:5      | Found a glowing silver altar of Zin.
  3323 | D:5      | Reached skill level 8 in Axes
  3538 | D:6      | Noticed Edmund
  3538 | D:6      | Noticed Sigmund
  3556 | D:6      | Killed Edmund
  3562 | D:6      | Killed Sigmund
  3562 | D:6      | Reached * piety under Makhleb
  3646 | D:6      | Found a hide-covered altar of Uskayaw.
  3890 | D:6      | Noticed Pikel
  3906 | D:6      | Killed Pikel
  3907 | D:6      | Gained mutation: You passively map the area around you.
                  | [Deep Dwarf growth]
  3907 | D:6      | Reached XP level 9. HP: 45/82 MP: 6/6
  4112 | D:6      | Found a runed translucent door.
  4113 | D:6      | Noticed Crazy Yiuf
  4311 | D:6      | Killed Crazy Yiuf
  4391 | D:7      | Found Vece's Antique Weapon Shoppe.
  4461 | D:7      | Found Comosonk's Distillery.
  4469 | D:7      | Noticed Maggie
  4495 | D:7      | Killed Maggie
  4500 | D:7      | Found a blossoming altar of Fedhas.
  4577 | D:7      | Found Ronuni's Magic Scroll Emporium.
  4630 | D:7      | Bought a scroll of enchant weapon for 82 gold pieces
  4777 | D:7      | Found Medd's Gadget Emporium.
  5153 | D:7      | Found Puasuaniu's Armour Shop.
  5258 | D:8      | Reached skill level 5 in Dodging
  5339 | D:8      | Reached ** piety under Makhleb
  5386 | D:8      | Reached skill level 9 in Axes
  5400 | D:8      | Found a sand-covered staircase.
  5417 | Ossuary  | Entered an ossuary
  5622 | D:8      | Reached XP level 10. HP: 80/96 MP: 7/7
  5716 | D:8      | Found a sparkling altar of Nemelex Xobeh.
  5767 | D:8      | Found an iron altar of Okawaru.
  5805 | D:8      | Reached skill level 1 in Evocations
  5839 | D:8      | Reached skill level 1 in Invocations
  5851 | D:8      | Noticed Grum
  5866 | D:8      | Killed Grum
  5959 | D:8      | Reached skill level 10 in Axes
  6131 | D:9      | Found a staircase to the Orcish Mines.
  6131 | D:9      | Found Fefecia's Book Shop.
  6145 | D:9      | Found a runed translucent gate.
  6146 | D:9      | Found a runed translucent gate.
  6147 | D:9      | Found a runed translucent gate.
  6279 | D:9      | Noticed Psyche
  6290 | D:9      | Killed Psyche
  6334 | D:9      | Reached skill level 11 in Axes
  6662 | D:9      | Reached *** piety under Makhleb
  6814 | D:9      | Reached skill level 12 in Axes
  7094 | D:9      | Noticed inc's ghost (novice FeEn)
  7170 | D:9      | Gained mutation: Your magical capacity is low. (-10% MP)
                  | [potion of mutation]
  7170 | D:9      | Gained mutation: You are dopey. (Int -2) [potion of
                  | mutation]
  7170 | D:9      | Gained mutation: You are occasionally teleported next to
                  | monsters. [potion of mutation]
  7170 | D:9      | Gained mutation: You are somewhat resistant to further
                  | mutation. [potion of mutation]
  7187 | D:9      | Reached XP level 11. HP: 27/103 MP: 9/9
  7190 | D:9      | Reached skill level 5 in Invocations
  7190 | D:9      | Reached skill level 5 in Evocations
  7251 | D:9      | Quit the game

Illustrated notes

Levels and vault maps discovered:
D:1:      scummos_arrival_simple_fountains, layout_rooms, minivault_27,
          minmay_pentomino_r2
D:2:      minmay_chambers_of_ones, layout_rooms
D:3:      layout_rooms, grunt_temple_overflow_open, uniq_jessica
D:4:      layout_loops_corners, hellmonk_ghost_happy_afterlife,
          grunt_ministairs_7, minmay_misc_feat_rugged
D:5:      layout_loops_cross, minitemple, kennysheep_mini_moat,
          nicolae_ru_path_of_blood, minmay_temple_entry_wispy,
          portal_sewer_entry_c, uniq_eustachio, uniq_ijyb, uniq_prince_ribbit1
D:6:      layout_basic, basic_altar, kennysheep_crisscross, minmay_mini_ossuary,
          uniq_pikel, uniq_crazy_yiuf_cottage, uniq_sigmund, uniq_edmund
D:7:      layout_loops_corners, basic_altar, serial_shops,
          nicolae_shop_behind_doors, shop, nicolae_shop_behind_doors,
          nicolae_shop_waterfront, nicolae_shop_stone, uniq_maggie
D:8:      layout_cave_pools, okawaru_humans, enter_ossuary_4,
          roderic_roman_lattice, minmay_liquid_box, nemelex_lonely_heart_becter,
          uniq_grum
D:9:      layout_layer_cave, orc_0_dummy, serial_shops,
          nicolae_shop_competitors_out_of_business, gammafunk_ghost_spectres,
          uniq_psyche
Temple:   eino_temple_water

Skill      XL: |  1  2  3  4  5  6  7  8  9 10 11 |
---------------+----------------------------------+-----
Fighting       | 3 4 5 6 8 |  8.0
Axes           | 3 4 5 7 8 9 12 | 12.0
Dodging        | 1 2 3 5 |  5.1
Shields        | 4 5 6 |  6.1
Armour         | 4 5 6 7 |  7.1
Evocations     | 4 5 |  5.0
Invocations    | 4 5 |  5.0

Action                   |  1- 3 |  4- 6 |  7- 9 | 10-12 || total
-------------------------+-------+-------+-------+-------++-------
Melee: War axe           |   128 |   133 |   401 |   289 ||   951
 Abil: Heal Wounds       |     1 |     4 |    12 |    14 ||    31
  Use: Scroll            |     3 |    14 |     9 |     3 ||    29
       Potion            |       |       |     1 |     3 ||     4
Armor: Scale mail        |    62 |    16 |       |       ||    78
       Chain mail        |       |    43 |   183 |   133 ||   359
Dodge: Dodged            |    40 |    34 |   115 |   103 ||   292
Block: Kite shield       |    66 |    71 |   243 |   222 ||   602
